 Dungeon Crawl Stone Soup version 0.26-a0-42-g4f27934 (webtiles) character file.

Game seed: 7200768717952958991

150 Belboz the Charmwright (level 5, -1/43 HPs)
             Began as a Gnoll Skald on June 1, 2020.
             Was a Follower of Fedhas.
             Slain by a big kobold
             ... wielding a +0 short sword
              (6 damage)
             ... in a sewer.
             The game lasted 00:03:39 (2432 turns).

Belboz the Charmwright (Gnoll Skald)                Turns: 2432, Time: 00:03:40

Health: -1/43      AC:  4    Str: 14    XL:     5   Next: 32%
Magic:  12/12      EV: 14    Int: 16    God:    Fedhas [*.....]
Gold:   59         SH:  0    Dex: 14    Spells: 9/14 levels left

rFire    . . .     SeeInvis .   a - +1 hand axe
rCold    . . .     Gourm    .   (no shield)
rNeg     . . .     Faith    .   b - +1 leather armour
rPois    .         Spirit   .   (no helmet)
rElec    .         Reflect  .   (no cloak)
rCorr    .         Harm     .   (no gloves)
MR       .....                  (no boots)
Stlth    ++........             (no amulet)
HPRegen  0.14/turn              (no ring)
MPRegen  0.13/turn              (no ring)

@: no status effects
A: distributed training, fangs 1, strong nose
a: Renounce Religion


You were in a sewer.
You worshipped Fedhas.
Fedhas was aware of your devotion.
You were not hungry.

You visited 1 branch of the dungeon, and saw 3 of its levels.
You also visited: Sewer.

You collected 59 gold pieces.

Inventory:

Hand Weapons
 a - a +1 hand axe (weapon)
Missiles
 k - 53 arrows
 n - 16 sling bullets
 p - 21 bolts
Armour
 b - a +1 leather armour (worn)
Scrolls
 g - 2 scrolls of identify
 j - a scroll of remove curse
 o - a scroll of fear
Potions
 c - 3 potions of curing
 f - a potion of invisibility {unknown}
 h - 2 potions of cancellation {unknown}
 l - a potion of might {unknown}
Comestibles
 d - 5 rations
 i - a chunk of flesh


   Skills:
 + Level 4.7 Fighting
 + Level 1.4 Short Blades
 + Level 1.4 Long Blades
 + Level 4.7 Axes
 + Level 1.4 Maces & Flails
 + Level 1.4 Polearms
 + Level 1.4 Staves
 + Level 1.4 Slings
 + Level 1.4 Bows
 + Level 1.4 Crossbows
 + Level 1.4 Throwing
 + Level 2.9 Armour
 + Level 4.7 Dodging
 + Level 1.4 Stealth
 + Level 1.4 Shields
 + Level 1.4 Unarmed Combat
 + Level 5.2 Spellcasting
 + Level 1.1 Conjurations
 + Level 1.1 Hexes
 + Level 5.5 Charms
 + Level 1.1 Summonings
 + Level 1.1 Necromancy
 + Level 1.1 Translocations
 + Level 1.1 Transmutations
 + Level 1.1 Fire Magic
 + Level 1.1 Ice Magic
 + Level 1.1 Air Magic
 + Level 1.1 Earth Magic
 + Level 1.1 Poison Magic
 + Level 1.6 Invocations
 + Level 1.4 Evocations


You had 9 spell levels left.
You knew the following spells:

 Your Spells              Type           Power        Failure   Level  Hunger
a - Infusion              Chrm           ###.         1%          1    None
b - Song of Slaying       Chrm           ###.....     2%          2    #......
c - Shroud of Golubria    Chrm/Tloc      ##....       7%          2    #......

Your spell library contained the following spells:

 Spells                   Type           Power        Failure   Level  Hunger
 Ozocubu's Armour         Chrm/Ice       ##......     14%         3    ###....
 Spectral Weapon          Hex/Chrm       ##......     14%         3    ###....


Dungeon Overview and Level Annotations

Branches:
Dungeon (3/15)              Sewer (1/1)

Altars:
Fedhas


Innate Abilities, Weirdness & Mutations

Your experience applies equally to all skills.
You have very sharp teeth.
Your uncanny sense of smell can sniff out nearby items.


Message History

The kobold shouts!
You hit the big kobold.
The big kobold is heavily wounded.
The big kobold hits you with a +0 short sword.
* * * LOW HITPOINT WARNING * * *
You closely miss the big kobold. Your bite misses the big kobold.
The big kobold is heavily wounded.
The kobold throws a stone.
The stone barely misses you. The big kobold barely misses you.
You hit the big kobold but do no damage.
The big kobold is heavily wounded.
The kobold throws a stone.
The stone hits you but does no damage.
The big kobold hits you with a +0 short sword.
* * * LOW HITPOINT WARNING * * *
You hit the big kobold.
The big kobold is severely wounded.
The kobold throws a stone.
The stone closely misses you.
The big kobold hits you with a +0 short sword.
You die...
Fedhas appreciates your contribution to the ecosystem.

#.≈≈≈≈≈≈≈≈≈≈≈≈≈≈≈≈≈≈≈≈≈
#.≈≈≈≈.≈###############
#.≈≈≈≈.≈# #.≈≈≈≈≈.#
#≈≈≈≈≈≈≈# #.≈≈≈≈≈.#
#.≈≈≈≈≈(# #.≈≈≈≈)(#
#.....@K# ####K#### ...
#...K ##.. ##


You could see a big kobold and a kobold.

Vanquished Creatures
  A hound (D:3)
  6 adders
  A river rat (Sewer)
  A worm (D:2)
  A dart slug (D:1)
  2 leopard geckos (D:2)
  4 bats
  3 giant cockroaches
  5 goblins
  7 hobgoblins
  4 jackals
  8 kobolds
  A quokka (D:2)
  10 rats
54 creatures vanquished.

Notes
Turn   | Place    | Note
-------+----------+-------------------------------------------
     0 | D:1      | Belboz the Gnoll Skald began the quest for the Orb.
     0 | D:1      | Reached XP level 1. HP: 20/20 MP: 6/6
   102 | D:1      | Reached XP level 2. HP: 24/26 MP: 7/7
   741 | D:2      | Reached XP level 3. HP: 25/31 MP: 9/9
   745 | D:2      | Learned a level 2 spell: Song of Slaying
   748 | D:2      | Learned a level 2 spell: Shroud of Golubria
   816 | D:2      | Reached skill level 5 in Spellcasting
  1247 | D:2      | Reached skill level 1 in Invocations
  1423 | D:2      | Found a blossoming altar of Fedhas.
  1581 | D:2      | Became a worshipper of Fedhas Madash
  1821 | D:2      | Reached skill level 1 in Short Blades
  1821 | D:2      | Reached skill level 1 in Long Blades
  1821 | D:2      | Reached skill level 1 in Maces & Flails
  1821 | D:2      | Reached skill level 1 in Polearms
  1821 | D:2      | Reached skill level 1 in Staves
  1821 | D:2      | Reached skill level 1 in Slings
  1821 | D:2      | Reached skill level 1 in Bows
  1821 | D:2      | Reached skill level 1 in Crossbows
  1821 | D:2      | Reached skill level 1 in Throwing
  1821 | D:2      | Reached skill level 1 in Stealth
  1821 | D:2      | Reached skill level 1 in Shields
  1821 | D:2      | Reached skill level 1 in Unarmed Combat
  1821 | D:2      | Reached skill level 1 in Evocations
  1821 | D:2      | Reached XP level 4. HP: 32/38 MP: 11/11
  2015 | D:3      | Found a glowing drain.
  2046 | D:3      | Reached skill level 1 in Conjurations
  2046 | D:3      | Reached skill level 1 in Hexes
  2046 | D:3      | Reached skill level 1 in Summonings
  2046 | D:3      | Reached skill level 1 in Necromancy
  2046 | D:3      | Reached skill level 1 in Translocations
  2046 | D:3      | Reached skill level 1 in Transmutations
  2046 | D:3      | Reached skill level 1 in Fire Magic
  2046 | D:3      | Reached skill level 1 in Ice Magic
  2046 | D:3      | Reached skill level 1 in Air Magic
  2046 | D:3      | Reached skill level 1 in Earth Magic
  2046 | D:3      | Reached skill level 1 in Poison Magic
  2046 | D:3      | Reached XP level 5. HP: 20/43 MP: 12/12
  2294 | Sewer    | Entered a sewer
  2406 | Sewer    | Noticed a big kobold
  2424 | Sewer    | Reached * piety under Fedhas
  2432 | Sewer    | Slain by a big kobold

Illustrated notes

Levels and vault maps discovered:
D:1:      lightli_arrival_windingriver, layout_loops_ring
D:2:      kb_forest_paths, layout_basic, lemuel_crystal_altar
D:3:      layout_loops_ring, gup_sewer_entry_glass, grunt_ministairs_13
Sewer:    sewer_kobolds

Skill      XL: |  1  2  3  4 |
---------------+-------------+-----
Spellcasting   | 5 |  5.2
Invocations    | 1 |  1.6
Short Blades   | 1 |  1.4
Long Blades    | 1 |  1.4
Maces & Flails | 1 |  1.4
Polearms       | 1 |  1.4
Staves         | 1 |  1.4
Slings         | 1 |  1.4
Bows           | 1 |  1.4
Crossbows      | 1 |  1.4
Throwing       | 1 |  1.4
Stealth        | 1 |  1.4
Shields        | 1 |  1.4
Unarmed Combat | 1 |  1.4
Evocations     | 1 |  1.4
Conjurations   | 1 |  1.1
Hexes          | 1 |  1.1
Summonings     | 1 |  1.1
Necromancy     | 1 |  1.1
Translocations | 1 |  1.1
Transmutations | 1 |  1.1
Fire Magic     | 1 |  1.1
Ice Magic      | 1 |  1.1
Air Magic      | 1 |  1.1
Earth Magic    | 1 |  1.1
Poison Magic   | 1 |  1.1
Fighting       | |  4.7
Axes           | |  4.7
Armour         | |  2.9
Dodging        | |  4.7
Charms         | |  5.5

Action                   |  1- 3 |  4- 6 || total
-------------------------+-------+-------++-------
Melee: Hand axe          |   110 |    79 ||   189
       Bite              |     8 |     7 ||    15
  Use: Scroll            |       |     7 ||     7
 Stab: Sleeping          |     3 |       ||     3
  Eat: Chunk             |     3 |     2 ||     5
Armor: Leather armour    |    12 |    23 ||    35
Dodge: Dodged            |    93 |    76 ||   169

Table legend:
 A = Non-vault XP
 B = Vault XP
 C = Vault XP percentage of total XP
 D = Non-vault monster count
 E = Vault monster count
 F = Vault count percentage of total count
                 A         B        C        D         E       F
            +---------+---------+-------+---------+---------+-------
      Total |     137 |      78 |  36.3 |      34 |      20 |  37.0
            +---------+---------+-------+---------+---------+-------
        D:1 |      23 |       0 |   0.0 |      13 |       0 |   0.0
        D:2 |      42 |      24 |  36.4 |      16 |       6 |  27.3
        D:3 |      72 |      30 |  29.4 |       5 |       4 |  44.4
      Sewer |       0 |      24 | 100.0 |       0 |      10 | 100.0
            +---------+---------+-------+---------+---------+-------
